 Dungeon Crawl Stone Soup version 0.29.0-4-gdea44cf6ec (webtiles) character file.

Game seed: 6047418750883207610

1375 qw the Cleaver (level 8, -1/48 HPs)
             Began as a Tengu Warper on Aug 28, 2022.
             Was a Follower of Okawaru.
             Succumbed to an orc warrior's poison
             ... on level 6 of the Dungeon.
             The game lasted 00:00:37 (5854 turns).

qw the Cleaver (Tengu Warper)                       Turns: 5854, Time: 00:00:38

Health: -1/48      AC: 20    Str: 13    XL:     8   Next: 66%
Magic:  10/12      EV:  7    Int: 13    God:    Okawaru [*.....]
Gold:   194        SH:  0    Dex: 15    Spells: 11/11 levels left

rFire   . . .      SeeInvis .   a - +0 war axe (vamp)
rCold   . . .      Faith    .   (no shield)
rNeg    . . .      Spirit   .   d - +2 plate armour
rPois   .          Reflect  .   (helmet restricted)
rElec   .          Harm     .   (no cloak)
rCorr   .          Rampage  .   (no gloves)
Will    .....                   (boots unavailable)
Stlth   ..........              c - amulet of regeneration
HPRegen 0.96/turn               h - +4 ring of protection
MPRegen 0.13/turn               (no ring)

@: lethally poisoned (-1 -> -31), about to teleport, heroic, flying quickly and
evasively, quick
A: beak, talons 3, nimble flight
a: Renounce Religion, Heroism


You were on level 6 of the Dungeon.
You worshipped Okawaru.
Okawaru was aware of your devotion.
You visited 2 branches of the dungeon, and saw 7 of its levels.

You collected 350 gold pieces.
You spent 156 gold pieces at shops.


Innate Abilities, Weirdness & Mutations

You have a beak for a mouth.
You have claws for feet.
Your magical nature lets you fly swiftly and evasively.


   Skills:
 - Level 4.0(9.0) Fighting
 + Level 9.7(14.7) Axes
 - Level 1.0(6.0) Throwing
 - Level 4.8(9.8) Armour
 - Level 2.1(7.1) Dodging
 - Level 2.0 Spellcasting
 - Level 2.4 Translocations
 + Level 0.0 Invocations


You had 11 spell levels left.
You didn't know any spells.
Your spell library contained the following spells:

 Spells                   Type           Power      Damage    Failure   Level
 Blink                    Tloc           14%        N/A       100%        2
 Gell's Gravitas          Tloc           7%         N/A       100%        3
 Lesser Beckoning         Tloc           7%         N/A       100%        3
 Teleport Other           Tloc           7%         N/A       100%        3
 Manifold Assault         Tloc           7%         N/A       100%        5

Inventory:

Hand Weapons
 a - a +0 vampiric war axe (weapon)
 m - a +0 hand axe of flaming
Armour
 d - a +2 plate armour (worn)
 i - the +0 pair of gloves of Infinity {-Cast Harm Rampage Dex+3}
   (You acquired it on level 3 of the Dungeon)

   Dex:       It affects your dexterity (+3).
   -Cast:     It prevents spellcasting.
   Harm:      It increases damage dealt and taken.
   Rampage:   It bestows one free step when moving towards enemies.
Jewellery
 c - an amulet of regeneration (around neck)
 h - a +4 ring of protection (left hand)
Scrolls
 e - 2 scrolls of identify
 f - a scroll of vulnerability {unknown}
 k - a scroll of amnesia {unknown}
Potions
 b - a potion of mutation
 g - 5 potions of curing

Dungeon Overview and Level Annotations

Branches:
Dungeon (6/15)             Temple (1/1) D:5

Altars:
Ashenzari
Cheibriados
Dithmenos
Elyvilon
Fedhas
Gozag
Hepliaklqana
Kikubaaqudgha
Makhleb
Nemelex Xobeh
Okawaru
Qazlal
Ru
Sif Muna
Trog
Uskayaw
Wu Jian
Xom
Yredelemnul
Zin
The Shining One

Shops:
D:2 (   D:3 :


Message History

You gain the combat prowess of a mighty hero.
You slash the orc warrior!
The orc warrior is moderately wounded.
The orc warrior drinks a potion.
The orc warrior seems to grow stronger.
You closely miss the orc warrior.
You peck the orc warrior, but do no damage.
The orc warrior is moderately wounded.
The orc warrior hits you but does no damage.
You are poisoned.
You hit the orc warrior but do no damage.
Your kick misses the orc warrior.
The orc warrior is moderately wounded.
You feel sick.
The orc warrior hits you with a +3 hand axe of venom!
You are more poisoned.
You hit the orc warrior but do no damage.
The orc warrior is moderately wounded.
You feel very sick.
You hit the orc warrior.
You feel better.
You claw the orc warrior.
The orc warrior is heavily wounded.
You feel very sick.
The orc warrior hits you but does no damage.
You are more poisoned.
You closely miss the orc warrior.
You claw the orc warrior, but do no damage.
You peck the orc warrior.
The orc warrior is heavily wounded.
You feel very sick.
The orc warrior hits you but does no damage.
You are lethally poisoned!
You hit the orc warrior.
You feel better.
You claw the orc warrior, but do no damage.
The orc warrior is severely wounded.
You feel very sick.
The orc warrior hits you with a +3 hand axe of venom!
You are more poisoned.
5854 ||| READING scroll of teleportation.
As you read the scroll of teleportation, it crumbles to dust.
You feel strangely unstable.
You die...

.o. ... o.#######
...)... ..... ...
#)# #o# #####@#####
#...'.'...# #..
#.###.###.# #... #.#
#...
###+###.###+###...
+.............+..###
###+###.###+###....
#.# #...######
#.###.###.#
#...##...)


You could see an orc warrior (strong).

Vanquished Creatures
  Sigmund (D:2)
  An ice beast (D:5)
  An ogre (D:4)
  A centaur (D:5)
  A kobold brigand (D:6)
  Blork the orc (D:6)
  A gnoll sergeant (D:4)
  2 howler monkeys
  2 hounds
  A jelly (D:6)
  A gnoll bouda (D:4)
  5 orc priests
  An iguana (D:4)
  3 orc wizards
  14 gnolls (D:4)
  8 adders
  2 ufetubi (D:5)
  A worm (D:3)
  3 dart slugs
  12 orcs
  3 bats
  8 endoplasms
  2 giant cockroaches (D:2)
  6 goblins
  7 hobgoblins
  7 jackals (D:1)
  9 kobolds
  5 quokkas
  5 ball pythons
  4 frilled lizards
  4 rats
122 creatures vanquished.

Vanquished Creatures (others)
  17 plants (D:3)
17 creatures vanquished.

Grand Total: 139 creatures vanquished

Notes
Turn   | Place    | Note
-------+----------+-------------------------------------------
     0 | D:1      | qw the Tengu Warper began the quest for the Orb.
     0 | D:1      | Reached XP level 1. HP: 12/12 MP: 4/4
     0 | D:1      | 0 ||| qw: Version: 0.1-a-89-g26bdef1
     0 | D:1      | 0 ||| qw: Game counter: 2778
     0 | D:1      | 0 ||| qw: Always use a shield: true
     0 | D:1      | 0 ||| qw: God list: Okawaru
     0 | D:1      | 0 ||| qw: Allow faded altars: false
     0 | D:1      | 0 ||| qw: Do Orc after D:15 true
     0 | D:1      | 0 ||| qw: Do second Lair branch before Depths: true
     0 | D:1      | 0 ||| qw: Lair rune preference: random
     0 | D:1      | 0 ||| qw: Plans: Normal
     0 | D:1      | 0 ||| PLANNING D:1-11
    16 | D:1      | 16 ||| Stepping ~*~*~tactically~*~*~ (stealth).
   222 | D:1      | Reached XP level 2. HP: 17/17 MP: 6/6
   224 | D:1      | Reached skill level 3 in Axes
   463 | D:1      | 463 ||| READING 3 scrolls labelled POURYMMA ZIFY.
   635 | D:1      | 635 ||| Stepping ~*~*~tactically~*~*~ (hiding).
   742 | D:1      | 742 ||| Stepping ~*~*~tactically~*~*~ (hiding).
  1001 | D:1      | Found a faded altar of an unknown god.
  1034 | D:1      | Reached XP level 3. HP: 21/21 MP: 7/7
  1328 | D:1      | 1328 ||| UPGRADING to +0 plate armour.
  1338 | D:1      | 1338 ||| DROPPING +0 leather armour.
  1339 | D:1      | 1339 ||| DRINKING 3 fuming cyan potions.
  1340 | D:1      | 1340 ||| DROPPING scroll of blinking.
  1517 | D:2      | Reached skill level 4 in Axes
  1523 | D:2      | Noticed Sigmund
  1524 | D:2      | 1524 ||| Stepping ~*~*~tactically~*~*~ (hiding).
  1539 | D:2      | HP: 4/21 [something (3)]
  1540 | D:2      | Killed Sigmund
  1541 | D:2      | Reached XP level 4. HP: 5/26 MP: 8/8
  1541 | D:2      | Gained mutation: Your magical nature lets you fly swiftly
                  | and evasively. [Tengu growth]
  1541 | D:2      | Reached XP level 5. HP: 6/30 MP: 9/9
  1794 | D:2      | 1794 ||| DROPPING +0 club.
  1894 | D:2      | Found Beerpho's Antique Weapon Shop.
  1912 | D:2      | 1912 ||| BUYING runed war axe (156 gold).
  1912 | D:2      | Bought a runed war axe for 156 gold pieces
  1912 | D:2      | 1912 ||| SWAPPING to +0 war axe of electrocution.
  1913 | D:2      | 1913 ||| DROPPING +0 hand axe.
  2337 | D:2      | 2337 ||| UPGRADING to +4 ring of protection.
  2338 | D:2      | 2338 ||| READING scroll labelled BOS HA WIUSIPN.
  2339 | D:2      | 2339 ||| DRINKING 2 clear potions.
  2340 | D:2      | 2340 ||| DROPPING potion of brilliance.
  2432 | D:3      | Found Piwnat's Book Shop.
  2441 | D:3      | 2441 ||| Stepping ~*~*~tactically~*~*~ (stealth).
  2442 | D:3      | 2442 ||| Stepping ~*~*~tactically~*~*~ (stealth).
  2443 | D:3      | 2443 ||| FLEEEEING.
  2444 | D:3      | 2444 ||| FLEEEEING.
  2445 | D:3      | 2445 ||| FLEEEEING.
  2446 | D:3      | 2446 ||| FLEEEEING.
  2447 | D:3      | 2447 ||| FLEEEEING.
  2448 | D:3      | 2448 ||| FLEEEEING.
  2449 | D:3      | 2449 ||| FLEEEEING.
  2450 | D:3      | 2450 ||| FLEEEEING.
  2451 | D:3      | 2451 ||| FLEEEEING.
  2452 | D:3      | 2452 ||| FLEEEEING.
  2453 | D:3      | 2453 ||| FLEEEEING.
  2454 | D:3      | 2454 ||| FLEEEEING.
  2455 | D:3      | 2455 ||| FLEEEEING.
  2456 | D:3      | 2456 ||| FLEEEEING.
  2457 | D:3      | 2457 ||| FLEEEEING.
  2458 | D:3      | 2458 ||| FLEEEEING.
  2459 | D:3      | 2459 ||| FLEEEEING.
  2460 | D:3      | 2460 ||| FLEEEEING.
  2461 | D:3      | 2461 ||| FLEEEEING.
  2465 | D:3      | 2465 ||| FLEEEEING.
  2469 | D:3      | 2469 ||| FLEEEEING.
  2470 | D:3      | 2470 ||| FLEEEEING.
  2472 | D:3      | 2472 ||| STAIRDANCE
  2718 | D:3      | 2718 ||| Stepping ~*~*~tactically~*~*~ (stealth).
  2834 | D:3      | 2834 ||| Stepping ~*~*~tactically~*~*~ (stealth).
  2948 | D:3      | 2948 ||| Stepping ~*~*~tactically~*~*~ (stealth).
  3023 | D:3      | 3023 ||| DROPPING +0 whip.
  3288 | D:3      | 3288 ||| READING scroll labelled KUIQYU LINNUL.
  3289 | D:3      | 3289 ||| READING 2 scrolls labelled UCWOFR VOLO.
  3289 | D:3      | Identified 2 scrolls of acquirement
  3289 | D:3      | 3289 ||| ACQUIRING amulet of regeneration
  3289 | D:3      | Acquired an amulet of regeneration
  3291 | D:3      | 3291 ||| UPGRADING to amulet of regeneration.
  3296 | D:3      | 3296 ||| READING scroll of acquirement.
  3296 | D:3      | 3296 ||| ACQUIRING +0 pair of gloves of Infinity {-Cast
                  | Harm Rampage Dex+3}
  3296 | D:3      | Acquired the +0 pair of gloves of Infinity {-Cast Harm
                  | Rampage Dex+3}
  3298 | D:3      | 3298 ||| READING scroll labelled BUCRUME MURUTT.
  3299 | D:3      | 3299 ||| READING 2 scrolls labelled YTASEU GONAOBB.
  3300 | D:3      | 3300 ||| READING scroll of enchant armour.
  3300 | D:3      | 3300 ||| ENCHANTING +0 plate armour.
  3301 | D:3      | 3301 ||| READING 3 scrolls of identify.
  3301 | D:3      | 3301 ||| IDENTIFYING sedimented grey potion
  3302 | D:3      | 3302 ||| READING 2 scrolls of identify.
  3302 | D:3      | 3302 ||| IDENTIFYING fizzy cyan potion
  3303 | D:3      | 3303 ||| DROPPING potion of flight.
  3380 | D:4      | Reached XP level 6. HP: 35/35 MP: 10/10
  3427 | D:4      | HP: 1/35 [ogre/+0 giant spiked club (13)]
  3428 | D:4      | 3428 ||| READING 3 scrolls of teleportation.
  3431 | D:4      | Reached skill level 5 in Axes
  3502 | D:4      | 3502 ||| Stepping ~*~*~tactically~*~*~ (stealth).
  3503 | D:4      | 3503 ||| Stepping ~*~*~tactically~*~*~ (hiding).
  3504 | D:4      | 3504 ||| Stepping ~*~*~tactically~*~*~ (hiding).
  3506 | D:4      | 3506 ||| Stepping ~*~*~tactically~*~*~ (hiding).
  3519 | D:4      | HP: 7/35 [orc priest/divine providence (9)]
  3520 | D:4      | 3520 ||| READING 2 scrolls of teleportation.
  3522 | D:4      | Reached skill level 6 in Axes
  3591 | D:4      | 3591 ||| Stepping ~*~*~tactically~*~*~ (stealth).
  3600 | D:4      | 3600 ||| Stepping ~*~*~tactically~*~*~ (stealth).
  3602 | D:4      | 3602 ||| Stepping ~*~*~tactically~*~*~ (hiding).
  3607 | D:4      | Reached XP level 7. HP: 40/40 MP: 11/11
  3905 | D:4      | 3905 ||| Stepping ~*~*~tactically~*~*~ (hiding).
  3918 | D:4      | 3918 ||| Stepping ~*~*~tactically~*~*~ (hiding).
  3964 | D:4      | Found the +3 woodcutter's axe {vorpal}
  3968 | D:4      | Reached skill level 7 in Axes
  3971 | D:4      | Reached skill level 3 in Fighting
  3971 | D:4      | 3971 ||| FLEEEEING.
  4099 | D:4      | 4099 ||| DROPPING amulet of guardian spirit.
  4100 | D:4      | 4100 ||| READING scroll labelled EQOACH QILOSH.
  4101 | D:4      | 4101 ||| READING scroll labelled QURPHO XYOL.
  4102 | D:4      | 4102 ||| READING scroll labelled FAAT BAMUHUOLERA.
  4103 | D:4      | 4103 ||| READING 2 scrolls of identify.
  4103 | D:4      | 4103 ||| IDENTIFYING amethyst potion
  4104 | D:4      | 4104 ||| DROPPING potion of degeneration.
  4111 | D:5      | Entered Level 5 of the Dungeon
  4135 | D:5      | 4135 ||| READING scroll of enchant armour.
  4135 | D:5      | 4135 ||| ENCHANTING +1 plate armour.
  4191 | D:5      | 4191 ||| Stepping ~*~*~tactically~*~*~ (hiding).
  4354 | D:5      | Reached skill level 8 in Axes
  4369 | D:5      | Found a staircase to the Ecumenical Temple.
  4370 | D:5      | 4370 ||| PLANNING TEMPLE
  4370 | D:5      | 4370 ||| DROPPING ring of wizardry.
  4371 | D:5      | 4371 ||| READING scroll labelled ETEMABR VASM.
  4372 | D:5      | 4372 ||| READING scroll of teleportation.
  4425 | D:5      | 4425 ||| SWAPPING to +0 vampiric war axe.
  4426 | D:5      | 4426 ||| DROPPING +0 war axe of electrocution.
  4429 | Temple   | Entered the Ecumenical Temple
  4714 | Temple   | Became a worshipper of Warmaster Okawaru
  4726 | Temple   | 4726 ||| PLANNING D:1-11
  4982 | D:5      | 4982 ||| Stepping ~*~*~tactically~*~*~ (hiding).
  4990 | D:5      | Reached XP level 8. HP: 42/46 MP: 12/12
  5215 | D:5      | Found an ornate altar of the Wu Jian Council.
  5263 | D:5      | 5263 ||| DRINKING 7 potions of curing.
  5263 | D:5      | 5263 ||| (to cure confusion)
  5278 | D:5      | 5278 ||| DRINKING 6 potions of curing.
  5278 | D:5      | 5278 ||| (to cure confusion)
  5318 | D:5      | Reached skill level 9 in Axes
  5648 | D:6      | 5648 ||| Stepping ~*~*~tactically~*~*~ (stealth).
  5650 | D:6      | 5650 ||| Stepping ~*~*~tactically~*~*~ (hiding).
  5719 | D:6      | Reached * piety under Okawaru
  5720 | D:6      | 5720 ||| INVOKING Heroism.
  5828 | D:6      | Noticed Blork the orc
  5829 | D:6      | 5829 ||| Stepping ~*~*~tactically~*~*~ (hiding).
  5832 | D:6      | 5832 ||| INVOKING Heroism.
  5839 | D:6      | Killed Blork the orc
  5841 | D:6      | 5841 ||| Stepping ~*~*~tactically~*~*~ (stealth).
  5845 | D:6      | 5845 ||| INVOKING Heroism.
  5853 | D:6      | HP: 7/48 [orc warrior/+3 hand axe of venom (11)]
  5854 | D:6      | 5854 ||| READING scroll of teleportation.
  5854 | D:6      | Succumbed to an orc warrior's poison

Levels and vault maps discovered:
D:1:      shiori_arrival_maze, layout_loops_ring,
          shapermc_ecumenical_altar_mp_highgroup,
          nicolae_concentric_dashed_squares_wild, st_stairs_14,
          minmay_misc_feat_more_columns
D:2:      layout_basic, serial_shops, shop, uniq_sigmund
D:3:      wad_woods_pond, layout_loops_ring, serial_shops, shop
D:4:      layout_rooms, pf_guarded_unrand_woodcutter
D:5:      layout_basic, nicolae_wu_jian_immortal_techniques,
          minmay_temple_entry_slanted
D:6:      layout_basic, minmay_door_square, uniq_blork_the_orc
Temple:   mainiacjoe_temple_cubbyholes

Skill      XL: |  1  2  3  4  5  6  7  8 |
---------------+-------------------------+-----
Axes           | 3 4 6 8 9 |  9.7
Armour         | 4 |  4.8
Fighting       | 3 4 |  4.0
Throwing       | |  1.0
Dodging        | |  2.1
Spellcasting   | |  2.0
Translocations | |  2.4

Action                   |  1- 3 |  4- 6 |  7- 9 || total
-------------------------+-------+-------+-------++-------
Melee: Hand axe          |    76 |     6 |       ||    82
       Kick              |    14 |    16 |    42 ||    72
       Peck              |     9 |     8 |    18 ||    35
       War axe           |       |    75 |   154 ||   229
       Punch             |       |     1 |     4 ||     5
Throw: Boomerang         |     7 |    15 |     3 ||    25
Invok: Heroism           |       |       |     3 ||     3
  Use: Scroll            |     1 |    11 |     8 ||    20
       Potion            |     1 |     1 |     2 ||     4
Armor: Leather armour    |     8 |       |       ||     8
       Plate armour      |    11 |    51 |   129 ||   191
Dodge: Dodged            |    31 |    16 |    37 ||    84

Table legend:
 A = Non-vault XP
 B = Vault XP
 C = Vault XP percentage of total XP
 D = Non-vault monster count
 E = Vault monster count
 F = Vault count percentage of total count
                 A         B        C        D         E       F
            +---------+---------+-------+---------+---------+-------
      Total |    1358 |     607 |  30.9 |     103 |      19 |  15.6
            +---------+---------+-------+---------+---------+-------
        D:1 |      33 |       4 |  10.8 |      17 |       3 |  15.0
        D:2 |      22 |     223 |  91.0 |      14 |       1 |   6.7
        D:3 |      28 |       3 |   9.7 |      14 |       1 |   6.7
        D:4 |     385 |     283 |  42.4 |      19 |      13 |  40.6
        D:5 |     560 |       0 |   0.0 |      21 |       0 |   0.0
        D:6 |     330 |      94 |  22.2 |      18 |       1 |   5.3
            +---------+---------+-------+---------+---------+-------
